AoeStats
← Goffs

Arena

507216183Analyzed
1v1 RM · 16d ago on Sep 17, 2026· 28m 18s· 2 players
Game mode
Random Map
Map size
Tiny (2 player)
Population
200
Speed
Normal
Resources
Standard
Victory
Conquest
Starting age
Dark Age
Ending age
Imperial Age
RankedLock teamsTeams togetherTeam positionsShared explorationLock speedFull tech treeHidden civsTurbo modeCheats
Victory
Defeat
🇦🇷 Bulgarians · Argentina
1188
+18
🇺🇸 Muisca · United States
1221
-18
Goffs
10:07 Feudal Age
11:08 Arson
11:48 Double-Bit Axe
16:11 Horse Collar
21:36 Castle Age
21:04 Forging
20:56 Scale Mail Armor
20:58 Gold Mining
22:21 Squires
25:59 Wheelbarrow
26:50 Iron Casting
chivalren
7:34 Loom
9:43 Feudal Age
13:51 Castle Age
12:43 Double-Bit Axe
13:29 Horse Collar
25:14 Bow Saw
26:28 Wheelbarrow
28:02 Fletching
Connection lost

Rejoining the realm…

Still unreachable

The connection could not be restored.

Session expired

The server has moved on; the page needs a fresh start.